 Dungeon Crawl Stone Soup version 0.28.0-62-gf88900778d (webtiles) character file.

Game seed: 3826325417820752828

551 cbfl8 the Chopper (level 7, -1/54 HPs)
             Began as a Demonspawn Fighter on Oct 6, 2023.
             Slain by an iguana (11 damage)
             ... on level 5 of the Dungeon.
             The game lasted 00:03:11 (5437 turns).

cbfl8 the Chopper (Demonspawn Fighter)              Turns: 5437, Time: 00:03:12

Health: -1/54      AC: 11    Str: 16    XL:     7   Next: 7%
Magic:  7/7        EV:  6    Int: 10    God:
Gold:   27         SH:  5    Dex: 14    Spells: 6/6 levels left

rFire   . . .      SeeInvis .   a - +0 war axe
rCold   . . .      Faith    .   c - +0 buckler
rNeg    . . .      Spirit   .   q - +0 chain mail
rPois   .          Reflect  .   (no helmet)
rElec   .          Harm     .   g - +0 cloak
rCorr   .          Rampage  .   (no gloves)
Will    .....                   i - +0 pair of boots
Stlth   ..........              (no amulet)
HPRegen 0.18/turn               (no ring)
MPRegen 0.10/turn               (no ring)

@: no status effects
A: claws 2
a: no special abilities


You were on level 5 of the Dungeon.
You visited 2 branches of the dungeon, and saw 6 of its levels.

You collected 92 gold pieces.
You spent 65 gold pieces at shops.

Inventory:

Hand Weapons
 a - a +0 war axe (weapon)
Armour
 c - a +0 buckler (worn)
 g - a +0 cloak (worn)
 i - a +0 pair of boots (worn)
 q - a +0 chain mail (worn)
Scrolls
 f - a scroll of blinking {unknown}
 j - a scroll of holy word {unknown}
 l - 2 scrolls of teleportation {unknown}
 o - 2 scrolls of immolation {unknown}
Potions
 b - a potion of curing {unknown}
 d - a potion of might
 e - a potion of berserk rage {unknown}
 h - a potion of flight {unknown}
 k - 2 potions of ambrosia {unknown}
 m - 2 potions of haste
 n - 2 potions of mutation {unknown}
 p - 2 potions of attraction {unknown}
 r - a potion of heal wounds


   Skills:
 + Level 4.1 Fighting
 + Level 4.4 Axes
 + Level 4.1 Armour
 + Level 3.3 Shields
 * Level 2.9 Evocations


You had 6 spell levels left.
You didn't know any spells.
Your spell library contained the following spells:

 Spells                   Type           Power      Damage    Failure   Level
 Foxfire                  Conj/Fire      0%         2x1d4     100%        1
 Summon Small Mammal      Summ           0%         N/A       100%        1
 Call Canine Familiar     Summ           0%         N/A       100%        3
 Conjure Flame            Conj/Fire      0%         6-21      100%        3
 Inner Flame              Hex/Fire       0%         N/A       100%        3
 Summon Guardian Golem    Hex/Summ       0%         N/A       100%        3
 Cause Fear               Hex            0%         N/A       100%        4
 Flame Wave               Conj/Fire      0%         2d4       100%        4
 Discord                  Hex            0%         N/A       100%        8


Dungeon Overview and Level Annotations

Branches:
Dungeon (5/15)             Temple (1/1) D:4

Altars:
Cheibriados
Dithmenos
Elyvilon
Gozag
Makhleb
Nemelex Xobeh
Okawaru
Sif Muna
Trog
Uskayaw
Xom
Yredelemnul
Zin

Shops:
D:5 !

Annotations:
D:3 3 runed translucent doors, Jingleheimer's ghost, amateur TeBe


Innate Abilities, Weirdness & Mutations

You have very sharp fingernails.


Message History

The iguana bites you but does no damage.
You barely miss the centaur zombie.
The centaur zombie is severely damaged.
You barely miss the iguana. The centaur zombie hits you.
The centaur zombie kicks you but does no damage.
The centaur zombie hits you but does no damage.
The centaur zombie kicks you but does no damage.
The iguana bites you but does no damage.
You slash the centaur zombie!
The centaur zombie is almost destroyed.
You hit the iguana but do no damage. The centaur zombie closely misses you.
The centaur zombie kicks you but does no damage.
The iguana bites you!
The centaur zombie hits you but does no damage.
You block the centaur zombie's attack.
You hit the centaur zombie.
You destroy the centaur zombie!
You hit the iguana. The iguana barely misses you. The iguana bites you.
You barely miss the iguana.
The iguana is heavily wounded.
The iguana bites you but does no damage.
You hit the iguana.
The iguana is severely wounded.
The iguana closely misses you.
Unknown command.
You hit the iguana.
The iguana is severely wounded.
The iguana bites you.
The iguana bites you but does no damage.
You hit the iguana.
The iguana is almost dead.
The iguana bites you!
* * * LOW HITPOINT WARNING * * *
You closely miss the iguana.
The iguana is almost dead.
The iguana barely misses you.
You closely miss the iguana.
The iguana is almost dead.
The iguana bites you!
You die...

#8....#####
####..........
###.....<.......
####....(.....#....
.....8...∩...8# .
..............+
####..>....###
##.....### #@l...8#
#......# #......#
#......# #......#
#....### #####.#
#...#'#####
#.........#


You could see an iguana.

Vanquished Creatures
  A water moccasin (D:5)
  Pargi (D:4)
  An ogre (D:4)
  A jelly (D:4)
  A centaur zombie (D:5)
  A hound (D:4)
  A centaur skeleton (D:4)
  An iguana (D:4)
  An orc wizard (D:3)
  2 adders
  2 worms (D:2)
  4 orcs
  4 ball pythons
  3 bats
  8 endoplasms
  5 giant cockroaches
  10 goblins
  5 hobgoblins
  4 quokkas
  3 frilled lizards
  5 kobolds
  4 rats
68 creatures vanquished.

Notes
Turn   | Place    | Note
-------+----------+-------------------------------------------
     0 | D:1      | cbfl8 the Demonspawn Fighter began the quest for the Orb.
     0 | D:1      | Reached XP level 1. HP: 18/18 MP: 1/1
   131 | D:1      | Gained mutation: You have sharp fingernails. [demonic
                  | ancestry]
   131 | D:1      | Reached XP level 2. HP: 24/24 MP: 2/2
  1350 | D:2      | Reached XP level 3. HP: 16/29 MP: 3/3
  1700 | D:2      | Reached skill level 1 in Evocations
  2568 | D:3      | Found a burning altar of Makhleb.
  2683 | D:3      | Found an opulent altar of Gozag.
  2782 | D:3      | Reached XP level 4. HP: 32/35 MP: 4/4
  3130 | D:3      | Found a runed translucent gate.
  3130 | D:3      | Found a runed translucent gate.
  3131 | D:3      | Found a runed translucent gate.
  3132 | D:3      | Noticed Jingleheimer's ghost (amateur TeBe)
  3394 | D:4      | Reached XP level 5. HP: 30/41 MP: 5/5
  3692 | D:4      | Noticed Pargi
  3705 | D:4      | Killed Pargi
  3931 | D:4      | Found a staircase to the Ecumenical Temple.
  3942 | D:4      | Reached XP level 6. HP: 37/48 MP: 6/6
  3975 | Temple   | Entered the Ecumenical Temple
  5003 | D:5      | Entered Level 5 of the Dungeon
  5003 | D:5      | Found Caorerio's Distillery.
  5006 | D:5      | Bought a potion of heal wounds for 65 gold pieces
  5018 | D:5      | Noticed a water moccasin
  5028 | D:5      | Killed a water moccasin
  5120 | D:4      | Gained mutation: You have very sharp fingernails. [demonic
                  | ancestry]
  5120 | D:4      | Reached XP level 7. HP: 35/54 MP: 7/7
  5437 | D:5      | Slain by an iguana

Illustrated notes

Levels and vault maps discovered:
D:1:      lemuel_arrival_broad_hall, layout_loops_ring
D:2:      layout_loops_ring, corexii_shack, minmay_diced_spiral
D:3:      layout_rooms, mainiacjoe_overflow_paths,
          nicolae_overflow_crystal_walls, gammafunk_ghost_necromancy,
          skrybe_limestone_x
D:4:      layout_basic, temple_pool_b, uniq_pargi
D:5:      layout_basic, grunt_temple_overflow_open, kennysheep_crisscross,
          nicolae_stop_n_shop_1, minmay_strange_pillars
Temple:   dpeg_chambers_temple

Skill      XL: |  1  2  3  4  5  6 |
---------------+-------------------+-----
Axes           | 2 3 4 |  4.4
Armour         | 3 4 |  4.1
Shields        | 3 |  3.3
Evocations     | 1 2 |  2.9
Fighting       | 4 |  4.1

Action                   |  1- 3 |  4- 6 |  7- 9 || total
-------------------------+-------+-------+-------++-------
Melee: War axe           |   138 |    82 |    14 ||   234
  Use: Potion            |       |     1 |       ||     1
Armor: Scale mail        |    52 |       |       ||    52
       Plate armour      |    20 |    15 |       ||    35
       Chain mail        |       |    71 |    21 ||    92
Dodge: Dodged            |    45 |    24 |    14 ||    83
Block: Buckler           |    23 |    27 |     5 ||    55
